 Dungeon Crawl Stone Soup version 0.29-a0-414-g5075937ec3 (webtiles) character file.

Game seed: 3253095608525883879

871 trckry the Carver (level 7, 0/48 HPs)
             Began as a Demonspawn Wanderer on May 15, 2022.
             Was a Believer of Okawaru.
             Slain by an adder (3 damage)
             ... on level 5 of the Dungeon.
             The game lasted 00:12:41 (6632 turns).

trckry the Carver (Demonspawn Wanderer)             Turns: 6632, Time: 00:12:41

Health: 0/48       AC:  4    Str: 10    XL:     7   Next: 73%
Magic:  10/10      EV: 15    Int: 13    God:    Okawaru [**....]
Gold:   173        SH:  8    Dex: 17    Spells: 9/10 levels left

rFire   . . .      SeeInvis .   a - +0 long sword
rCold   . . .      Faith    .   b - +0 buckler
rNeg    . . .      Spirit   .   t - +1 leather armour {rPois}
rPois   +          Reflect  .   (no helmet)
rElec   .          Harm     .   (no cloak)
rCorr   .          Rampage  .   (no gloves)
Will    .....                   (no boots)
Stlth   +.........              o - amulet of magic regeneration
HPRegen 0.16/turn               h - ring of flight
MPRegen 0.52/turn               (no ring)

@: agile, flying
A: large bone plates 1, powered by pain 1, spiny 1, demonic touch 1
a: Renounce Religion, Heroism


You were on level 5 of the Dungeon.
You worshipped Okawaru.
Okawaru was pleased with you.
You visited 1 branch of the dungeon, and saw 5 of its levels.

You collected 173 gold pieces.

Inventory:

Hand Weapons
 a - a +0 long sword (weapon)
Missiles
 k - 12 poisoned darts (quivered)
Armour
 b - a +0 buckler (worn)
 t - a +1 leather armour of poison resistance (worn)
Jewellery
 c - a ring of positive energy
 h - a ring of flight (left hand)
 o - an amulet of magic regeneration (around neck)
Wands
 d - a wand of iceblast (20)
 x - a wand of polymorph (11)
Scrolls
 f - 6 scrolls of identify {unknown}
 g - a scroll of fear {unknown}
 m - a scroll of summoning {unknown}
 r - 2 scrolls of silence {unknown}
 u - a scroll of fog {unknown}
 v - a scroll of noise {unknown}
 w - a scroll of teleportation {unknown}
 y - a scroll of magic mapping {unknown}
Potions
 e - 2 potions of flight {unknown}
 i - 2 potions of mutation {unknown}
 j - a potion of haste {unknown}
 l - 3 potions of curing
 n - a potion of brilliance {unknown}
 p - 2 potions of attraction {unknown}
 q - 2 potions of degeneration {unknown}
 s - 2 potions of ambrosia {unknown}


   Skills:
 + Level 1.3 Fighting
 * Level 8.1 Long Blades
 + Level 1.2 Armour
 + Level 0.7 Dodging
 + Level 1.3 Shields
 - Level 2.0 Spellcasting
 - Level 2.5 Fire Magic
 + Level 1.1 Invocations
 + Level 0.7 Evocations


You had 9 spell levels left.
You knew the following spells:

 Your Spells              Type           Power      Damage    Failure   Level
a - Foxfire               Conj/Fire      16%        2x1d4     26%         1

Your spell library contained the following spells:

 Spells                   Type           Power      Damage    Failure   Level
 Inner Flame              Hex/Fire       4%         N/A       63%         3
 Summon Ice Beast         Ice/Summ       Unusable   N/A       N/A         4
 Summon Mana Viper        Hex/Summ       Unusable   N/A       N/A         5
 Monstrous Menagerie      Summ           Unusable   N/A       N/A         7

Dungeon Overview and Level Annotations

Branches:
Dungeon (5/15)
 Temple: D:4-7

Altars:
Dithmenos
Elyvilon
Okawaru

Annotations:
D:3 2 transporters


Innate Abilities, Weirdness & Mutations

You are partially covered in large bone plates. (SH +4)
You sometimes gain a little power by taking damage.
You are partially covered in sharp spines.
Your touch may inflict minor irresistible damage on your foes.


Message History

The ice beast is heavily wounded.
The adder is struck by your spines. The adder bites you.
You block the ice beast's attack.
You take 1 damage, and have 34/48 hp.
You hit the ice beast.
The ice beast is severely wounded.
You block the adder's attack.
The ice beast hits you but does no damage.
You block the adder's attack.
You hit the ice beast.
The ice beast is severely wounded.
The adder completely misses you. The ice beast closely misses you.
You barely miss the ice beast.
The ice beast is severely wounded.
You block the adder's attack. You block the ice beast's attack.
You hit the ice beast but do no damage.
The ice beast is severely wounded.
The adder bites you but does no damage. The ice beast is struck by your spines.
The ice beast hits you but does no damage.
You hit the ice beast.
The ice beast is almost dead.
You block the adder's attack. The adder barely misses you.
The ice beast hits you. The ice beast freezes you!
You take 15 damage, and have 20/48 hp.
MASSIVE DAMAGE!!
You closely miss the ice beast.
The ice beast is almost dead.
The adder is struck by your spines. The adder barely misses you.
The ice beast hits you. The ice beast freezes you!
* * * LOW HITPOINT WARNING * * *
You take 13 damage, and have 7/48 hp.
MASSIVE DAMAGE!!
You block the adder's attack.
Okay, then.
You feel better. The ice beast hits you.
* * * LOW HITPOINT WARNING * * *
The ice beast freezes you!
* * * LOW HITPOINT WARNING * * *
You focus on the pain.
You feel agile all of a sudden. The adder bites you.
You die...

#................
#.............##
#.............#
..............#
#...........##
##.(..........#
######......)......#
#...##...#.........##
<........#......@...#
#.......###.....YS..#
##.....## ##........#
##....# #.........#
##))..# ##........#
##...### #..........
#...## ##..........
#..## #...).......
.).# #...........


You could see an ice beast and an adder.

Vanquished Creatures
  Sigmund (D:4)
  Menkaure (D:4)
  Edmund (D:4)
  A black bear (D:5)
  A jelly (D:5)
  3 orc priests
  A hound (D:4)
  4 orc wizards
  5 adders
  A worm (D:2)
  6 dart slugs
  9 orcs
  9 ball pythons
  7 endoplasms
  3 giant cockroaches
  8 goblins
  9 hobgoblins
  6 jackals
  2 kobolds
  2 quokkas
  5 bats
  3 frilled lizards
  5 rats
93 creatures vanquished.

Vanquished Creatures (others)
  44 foxfires
44 creatures vanquished.

Grand Total: 137 creatures vanquished

Notes
Turn   | Place    | Note
-------+----------+-------------------------------------------
     0 | D:1      | trckry the Demonspawn Wanderer began the quest for the Orb.
     0 | D:1      | trckry set off with the following items: a +0 long sword, a
                  | +0 buckler, a potion of lignification, a +0 robe; and the
                  | following spell memorised: Foxfire; and the following
                  | spells available to memorise: Inner Flame
     0 | D:1      | Reached XP level 1. HP: 15/15 MP: 3/3
   423 | D:1      | Gained mutation: You are partially covered in large bone
                  | plates. (SH +4) [demonic ancestry]
   423 | D:1      | Reached XP level 2. HP: 18/21 MP: 5/5
   734 | D:1      | Reached skill level 4 in Long Blades
  1173 | D:1      | Gained mutation: Your touch may inflict minor irresistible
                  | damage on your foes. [demonic ancestry]
  1173 | D:1      | Reached XP level 3. HP: 22/26 MP: 6/6
  1238 | D:1      | Found a faded altar of an unknown god.
  1254 | D:1      | Prayed at the altar of an unknown god.
  1254 | D:1      | Became a worshipper of Warmaster Okawaru
  1254 | D:1      | Reached * piety under Okawaru
  2022 | D:2      | HP: 3/26 [worm (7)]
  2599 | D:2      | Reached XP level 4. HP: 32/32 MP: 7/7
  3055 | D:3      | Found a transporter.
  3066 | D:3      | Found a transporter.
  4013 | D:4      | Reached skill level 5 in Long Blades
  4272 | D:3      | HP: 6/48 [something/puff of flame (4)]
  4277 | D:3      | HP: 2/48 [something/puff of flame (5)]
  4282 | D:3      | Reached XP level 5. HP: 7/37 MP: 8/8
  4924 | D:4      | Noticed Menkaure
  4930 | D:4      | Killed Menkaure
  4931 | D:4      | Reached skill level 6 in Long Blades
  4931 | D:4      | Gained mutation: You are partially covered in sharp spines.
                  | [demonic ancestry]
  4931 | D:4      | Reached XP level 6. HP: 39/43 MP: 9/9
  5105 | D:4      | HP: 6/43 [orc priest/divine providence (9)]
  5525 | D:4      | Noticed Sigmund
  5538 | D:4      | Killed Sigmund
  5538 | D:4      | Reached ** piety under Okawaru
  5539 | D:4      | Reached skill level 7 in Long Blades
  5539 | D:4      | Gained mutation: You sometimes gain a little power by
                  | taking damage. [demonic ancestry]
  5539 | D:4      | Reached XP level 7. HP: 46/48 MP: 10/10
  5710 | D:4      | Found a shadowy altar of Dithmenos.
  5772 | D:4      | Noticed Edmund
  5786 | D:4      | Killed Edmund
  6111 | D:4      | Reached skill level 8 in Long Blades
  6254 | D:5      | Entered Level 5 of the Dungeon
  6372 | D:5      | Reached skill level 1 in Invocations
  6630 | D:5      | HP: 7/48 [ice beast (12)]
  6632 | D:5      | HP: 3/48 [ice beast (10)]
  6632 | D:5      | Slain by an adder

Illustrated notes

Levels and vault maps discovered:
D:1:      dpeg_arrival_tiny_k, layout_basic, chequers_ecumenical_altar_lobes,
          minmay_liquid_box
D:2:      layout_loops_ring, skrybe_limestone_x, minmay_pentomino_p2
D:3:      gammafunk_wand_slinger, layout_basic
D:4:      layout_basic, nicolae_dithmenos_through_a_glass_darkly,
          elyvilon_altar_5, grunt_ministairs_13,
          hangedman_abyss_or_decor_jellyfish_corner, uniq_edmund, uniq_menkaure,
          uniq_sigmund
D:5:      layout_cave_pods, nemelex_spade_bored_becter

Skill      XL: |  1  2  3  4  5  6  7 |
---------------+----------------------+-----
Long Blades    | 4 5 6 7 8 |  8.1
Fire Magic     | 2 |  2.5
Invocations    | 1 |  1.1
Fighting       | |  1.3
Armour         | |  1.2
Dodging        | |  0.7
Shields        | |  1.3
Spellcasting   | |  2.0
Evocations     | |  0.7

Action                   |  1- 3 |  4- 6 |  7- 9 || total
-------------------------+-------+-------+-------++-------
Melee: Long sword        |   104 |   140 |    62 ||   306
 Cast: Foxfire           |    24 |       |       ||    24
Invok: Heroism           |       |     2 |     2 ||     4
  Use: Potion            |       |     2 |     1 ||     3
 Stab: Sleeping          |     5 |     1 |       ||     6
Armor: Robe              |    11 |     4 |       ||    15
       Skin              |       |    17 |       ||    17
       Leather armour    |       |     8 |    16 ||    24
Dodge: Dodged            |    43 |    38 |    20 ||   101
Block: Buckler           |    39 |    39 |    26 ||   104

Table legend: (Time is in decaauts)
 A = Elapsed time spent in this place.
 B = Non-inter-level travel time spent in this place.
 C = Inter-level travel time spent in this place.
 D = Time resting spent in this place.
 E = Time spent auto-exploring this place.
 F = Levels seen in this place.
 G = Mean time per level.
                   A        B        C        D        E       F      G
               +--------+--------+--------+--------+--------+-----+--------+
         Total |   6681 |   6495 |    186 |    992 |   4438 |   5 | 1336.2 |
       Dungeon |   6681 |   6495 |    186 |    992 |   4438 |   5 | 1336.2 |
               +--------+--------+--------+--------+--------+-----+--------+

Top non-repeatable levels by time:
     D:3: 1948 daAuts
     D:1: 1754 daAuts
     D:4: 1502 daAuts
     D:2: 1097 daAuts
     D:5: 379 daAuts
